 Dungeon Crawl Stone Soup version 0.24-a0-445-gd5110b030a (webtiles) character file.

Game seed: 16637441074335341167

763 Inquire the Poker (level 7, 0/55 HPs)
             Began as a Merfolk Monk on June 22, 2019.
             Succumbed to Sigmund's poison
             ... on level 3 of the Dungeon.
             The game lasted 00:06:58 (3770 turns).

Inquire the Poker (Merfolk Monk)                    Turns: 3770, Time: 00:06:59

Health: 0/55       AC:  5    Str: 15    XL:     7   Next: 81%
Magic:  7/7        EV: 17    Int: 13    God:
Gold:   200        SH:  0    Dex: 18    Spells: 6/6 levels left

rFire    . . .     SeeInvis .   l - +3 war axe (chop)
rCold    . . .     Gourm    .   (no shield)
rNeg     . . .     Faith    .   b - +0 robe
rPois    .         Spirit   .   j - -1 helmet (curse)
rElec    .         Reflect  .   (no cloak)
rCorr    .         Harm     .   (no gloves)
MR       .....                  f - +2 pair of boots
Stlth    +++.......             (no amulet)
HPRegen  0.18/turn              k - +3 ring of intelligence
MPRegen  0.10/turn              e - +4 ring of strength

@: lethally poisoned (0 -> -22)
A: change form in water, swift swim, stealthy swim
a: no special abilities


You were on level 3 of the Dungeon.
You were not hungry.

You visited 1 branch of the dungeon, and saw 5 of its levels.

You collected 200 gold pieces.

Inventory:

Hand Weapons
 a - a +1 spear
 h - a +3 dagger of venom
 l - a +3 war axe of chopping (weapon)
Armour
 b - a +0 robe (worn)
 f - a +2 pair of boots (worn)
 j - a cursed -1 helmet (worn)
 n - a +0 helmet
Jewellery
 e - a +4 ring of strength (right hand)
 g - an uncursed ring of positive energy
 k - a +3 ring of intelligence (left hand)
 p - an uncursed ring of protection from cold
Wands
 o - a wand of flame (2)
Scrolls
 d - a scroll of teleportation
 q - a scroll of amnesia
Potions
 i - a potion of brilliance
Comestibles
 c - 6 rations


   Skills:
 + Level 4.6 Fighting
 * Level 7.7 Polearms
 * Level 7.2 Dodging
 * Level 5.8 Stealth


You had 6 spell levels left.
You didn't know any spells.
Your spell library was empty.

Dungeon Overview and Level Annotations

Branches:
Dungeon (5/15)
 Temple: D:4-7

Altars:
Hepliaklqana
Ru
Wu Jian

Annotations:
D:4 Menkaure


Message History

* * * LOW HITPOINT WARNING * * *
You feel very sick. Sigmund misses you.
Unknown command.
You bump into the rock wall.
* * * LOW HITPOINT WARNING * * *
You feel sick.
Sigmund points at you and mumbles some strange words.
The magic dart hits you.
* * * LOW HITPOINT WARNING * * *
Unknown command.
You hit Sigmund.
You kill Sigmund!
Your Dodging skill increases to level 7!
* * * LOW HITPOINT WARNING * * *
You feel very sick.
Unknown command.
You're too confused to move!
You feel less confused.
You die...

.................#########.......
.....##..........................
....#######..##.###..............
.<...............................
###########.........รท............
#.####.##.............. #.#
#.#####....#......
###.####.##..............
#.....##@..........######
#.......)...(#..####
########.....#......#..#
##.....#......##........#
.........#######.......##
.................<.......
......#..#..#.#......#.#.
......#......_..#......#
#.......##..#.#..........


There were no monsters in sight!

Vanquished Creatures
  Sigmund (D:3)
  An ogre (D:4)
  A centaur (D:5)
  2 scorpions (D:5)
  A crimson imp (D:4)
  3 bullfrog skeletons (D:5)
  A hound (D:4)
  A worker ant (D:4)
  6 adders
  2 howler monkey skeletons (D:5)
  2 oozes
  2 worms
  2 dart slugs
  5 leopard geckos
  An orc (D:4)
  5 bats
  6 giant cockroaches
  7 goblins
  5 hobgoblins
  7 jackals
  4 kobolds
  A ball python (D:2)
  5 frilled lizards
  A quokka skeleton (D:4)
  8 rats
80 creatures vanquished.

Notes
Turn   | Place    | Note
-------+----------+-------------------------------------------
     0 | D:1      | Inquire the Merfolk Monk began the quest for the Orb.
     0 | D:1      | Reached XP level 1. HP: 18/18 MP: 1/1
    74 | D:1      | Reached XP level 2. HP: 20/24 MP: 2/2
   450 | D:2      | Reached XP level 3. HP: 29/29 MP: 3/3
   632 | D:2      | Reached skill level 5 in Polearms
   806 | D:2      | Reached XP level 4. HP: 32/35 MP: 4/4
  1187 | D:3      | Reached skill level 5 in Dodging
  1214 | D:3      | Noticed Sigmund
  1498 | D:4      | Noticed Menkaure
  1535 | D:5      | Entered Level 5 of the Dungeon
  1696 | D:5      | Reached XP level 5. HP: 32/42 MP: 5/5
  1873 | D:5      | Reached XP level 6. HP: 19/48 MP: 6/6
  3213 | D:4      | Found an ornate altar of the Wu Jian Council.
  3254 | D:4      | Reached skill level 5 in Stealth
  3254 | D:4      | Reached XP level 7. HP: 52/54 MP: 7/7
  3282 | D:4      | Found a hazy altar of Hepliaklqana.
  3689 | D:3      | Found a sacrificial altar of Ru.
  3769 | D:3      | Killed Sigmund
  3769 | D:3      | HP: 2/55 [poisoned by Sigmund]
  3770 | D:3      | Succumbed to Sigmund's poison

Levels and vault maps discovered:
D:1:      scummos_arrival_simple_fountains, layout_rooms
D:2:      layout_basic, kennysheep_generic_room_3
D:3:      layout_rooms, lemuel_crystal_altar, uniq_sigmund
D:4:      layout_basic, lemuel_round_altar, lemuel_crystal_altar, uniq_menkaure
D:5:      layout_loops_ring, zin_angel, first_ration

Skill      XL: |  1  2  3  4  5  6  7 |
---------------+----------------------+-----
Stealth        | 3 4 5 |  5.8
Polearms       | 5 6 7 |  7.7
Dodging        | 5 6 7 |  7.2
Fighting       | 4 |  4.6

Action                   |  1- 3 |  4- 6 |  7- 9 || total
-------------------------+-------+-------+-------++-------
Melee: Spear             |   121 |   207 |       ||   328
       War axe           |       |    13 |    33 ||    46
Throw: Throwing net      |     1 |       |       ||     1
       Dart              |       |     6 |     2 ||     8
Evoke: Wand              |       |       |     7 ||     7
  Use: Scroll            |     5 |     7 |     3 ||    15
       Potion            |       |     6 |     1 ||     7
 Stab: Sleeping          |     6 |     8 |     1 ||    15
       Invisible         |       |     3 |       ||     3
  Eat: Chunk             |       |     4 |     2 ||     6
       Ration            |       |     1 |       ||     1
Armor: Robe              |    25 |    26 |     3 ||    54
Dodge: Dodged            |    72 |   132 |    32 ||   236

Table legend:
 A = Non-vault XP
 B = Vault XP
 C = Vault XP percentage of total XP
 D = Non-vault monster count
 E = Vault monster count
 F = Vault count percentage of total count
                 A         B        C        D         E       F
            +---------+---------+-------+---------+---------+-------
      Total |     865 |     225 |  20.6 |      77 |       3 |   3.8
            +---------+---------+-------+---------+---------+-------
        D:1 |      30 |       0 |   0.0 |      15 |       0 |   0.0
        D:2 |      65 |       2 |   3.0 |      21 |       2 |   8.7
        D:3 |      14 |     223 |  94.1 |       8 |       1 |  11.1
        D:4 |     306 |       0 |   0.0 |      15 |       0 |   0.0
        D:5 |     450 |       0 |   0.0 |      18 |       0 |   0.0
            +---------+---------+-------+---------+---------+-------
